 Dungeon Crawl Stone Soup version 0.18.1-8-gdd0e5ea (webtiles) character file.

154 Gagarin the Charmwright (level 5, 0/40 HPs)
             Began as a Merfolk Skald on May 31, 2016.
             Slain by a giant gecko (2 damage)
             ... on level 3 of the Dungeon.
             The game lasted 00:08:27 (2159 turns).

Gagarin the Charmwright (Merfolk Skald)             Turns: 2159, Time: 00:08:28

Health: 0/40       AC:  5    Str: 11 (13) XL:     5   Next: 35%
Magic:  0/8        EV: 12    Int: 10 (12) God:
Gold:   115        SH:  0    Dex: 11 (13) Spells: 2 memorised, 4 levels left

rFire  . . .     SeeInvis .     a - +0 falchion
rCold  . . .     Gourm    .     b - +0 leather armour
rNeg   . . .     Faith    .     (no shield)
rPois  .         Spirit   .     k - +2 hat
rElec  .         Dismiss  .     (no cloak)
rCorr  .         Reflect  .     (no gloves)
SustAt .         Harm     .     (no boots)
MR     .....                    (no amulet)
Stlth  +.........               (no ring)
                                (no ring)

@: very slightly contaminated, not resistant to hostile enchantments, very
unstealthy
A: change form in water, swift swim
a: no special abilities


You were on level 3 of the Dungeon.
You were not hungry.

You visited 1 branch of the dungeon, and saw 3 of its levels.

You collected 115 gold pieces.

Inventory:

Hand Weapons
 a - a +0 falchion (weapon)
Missiles
 l - 16 bolts
 m - 22 arrows
Armour
 b - a +0 leather armour (worn)
 k - a +2 hat (worn)
Jewellery
 j - an uncursed ring of flight {unknown}
Scrolls
 e - 2 scrolls of amnesia {unknown}
 g - a scroll of random uselessness {unknown}
 n - a scroll of fear {unknown}
 o - a scroll of noise {unknown}
Books
 c - a book of Battle

   Spells                             Type                      Level
   a - Infusion                       Charms                       1
   b - Shroud of Golubria             Charms/Translocation         2
   c - Song of Slaying                Charms                       2
   d - Spectral Weapon                Hexes/Charms                 3
   e - Regeneration                   Charms/Necromancy            3
Comestibles
 d - 2 bread rations
 h - a meat ration
 i - 5 chunks of flesh


   Skills:
 + Level 2.9 Fighting
 + Level 3.1 Long Blades
 + Level 1.5 Armour
 + Level 3.2 Dodging
 + Level 0.2 Stealth
 + Level 2.4 Spellcasting
 + Level 3.9 Charms


You had 4 spell levels left.
You knew the following spells:

 Your Spells              Type           Power        Failure   Level  Hunger
a - Infusion              Chrm           #...         10%         1    ##.....
b - Regeneration          Chrm/Necr      #.........   56%         3    ####...


Dungeon Overview and Level Annotations

Branches:
Dungeon (3/15)

Altars:


Message History

The giant gecko barely misses you.
Casting: Regeneration
Confirm with . or Enter, or press ? or * to list all spells.
You miscast Regeneration.
You feel a strange surge of energy! Terence hits you but does no damage.
The giant gecko closely misses you.
Drink which item? (? for menu, Esc to quit)
It was a potion of degeneration.
There was something very wrong with that liquid.
You feel weakened.
You feel dopey.
You feel clumsy. Terence hits you but does no damage.
The giant gecko closely misses you.
You hit Terence but do no damage.
Terence is almost dead.
Terence closely misses you. The giant gecko closely misses you.
Terence hits you with a short sword.
* * * LOW HITPOINT WARNING * * *
You hit Terence.
You kill Terence!
Your Dodging skill increases to level 3!
The giant gecko closely misses you. The giant gecko bites you.
You die...

. ..### ..?...
......#### .#
#........♣...♣#
#......@)......
#..?....l..>...
#.....#...$....
#..$..#....♣..#
#.... ####...##
#.... ##.. #...
### #..$


You could see a giant gecko.

Vanquished Creatures
  A hound (D:2)
  Terence (D:3)
  4 adders (D:2)
  An ooze (D:1)
  A worm (D:2)
  2 dart slugs (D:1)
  3 giant geckos
  8 bats (D:2)
  2 giant cockroaches (D:2)
  6 goblins
  4 hobgoblins
  4 jackals (D:1)
  6 kobolds
  A giant newt (D:2)
  6 rats
50 creatures vanquished.

Notes
Turn   | Place    | Note
--------------------------------------------------------------
     0 | D:1      | Gagarin the Merfolk Skald began the quest for the Orb.
     0 | D:1      | Reached XP level 1. HP: 16/16 MP: 3/3
   177 | D:1      | Reached XP level 2. HP: 17/22 MP: 0/5
   872 | D:1      | Reached XP level 3. HP: 26/28 MP: 6/6
   904 | D:1      | Reached skill level 1 in Armour
  1336 | D:2      | Learned a level 3 spell: Regeneration
  1534 | D:2      | Reached XP level 4. HP: 30/34 MP: 3/7
  2017 | D:3      | Noticed Terence
  2027 | D:2      | Reached XP level 5. HP: 27/40 MP: 3/8
  2158 | D:3      | HP: 2/40 [Terence/short sword (1)]
  2159 | D:3      | Killed Terence
  2159 | D:3      | Slain by a giant gecko

Skill      XL: |  1  2  3  4  5 |
---------------+----------------+-----
Dodging        | 2 3 |  3.2
Armour         | 1 |  1.5
Long Blades    | 3 |  3.1
Fighting       | |  2.9
Stealth        | |  0.2
Spellcasting   | |  2.4
Charms         | |  3.9

Action                   |  1- 3 |  4- 6 || total
-------------------------+-------+-------++-------
Melee: Falchion          |   103 |    90 ||   193
 Cast: Infusion          |    10 |     5 ||    15
       Regeneration      |     1 |     1 ||     2
  Use: Scroll            |     2 |       ||     2
       Potion            |       |     3 ||     3
  Eat: Chunk             |     2 |     3 ||     5
Armor: Leather armour    |    47 |    42 ||    89
Dodge: Dodged            |    89 |    90 ||   179
